 Dungeon Crawl Stone Soup version 0.26.1-2-gb8aa6d0cf2 (webtiles) character file.

Game seed: 7260649436605128016

767 Amaterasu the Cudgeller (level 7, 44/57 HPs)
             Began as a Demonspawn Chaos Knight on Feb 15, 2021.
             Was a Plaything of Xom.
             Quit the game on level 5 of the Dungeon.
             The game lasted 00:10:01 (5360 turns).

Amaterasu the Cudgeller (Demonspawn Chaos Knight)   Turns: 5360, Time: 00:10:01

Health: 44/57      AC:  8    Str: 20    XL:     7   Next: 52%
Magic:  6/7        EV: 26    Int: 13    God:    Xom [....*.]
Gold:   173        SH:  0    Dex: 13    Spells: 6/6 levels left

rFire    . . .     SeeInvis .   a - +0 mace (chaos)
rCold    . . .     Faith    .   (no shield)
rNeg     . . .     Spirit   +   b - +2 leather armour
rPois    .         Reflect  .   q - +0 helmet of Gouz {Regen+}
rElec    .         Harm     .   g - +0 cloak
rCorr    .         Rampage  .   (no gloves)
Will     .....                  (no boots)
Stlth    +.........             o - amulet of the acrobat
HPRegen  0.59/turn              i - +6 ring of strength
MPRegen  0.10/turn              p - ring of flight

@: acrobat
A: rugged brown scales 1, blurry vision 1, inhibited regeneration, magic shield
a: Renounce Religion, Evoke Flight


You were on level 5 of the Dungeon.
You worshipped Xom.
You were a beloved toy of Xom.
You visited 1 branch of the dungeon, and saw 5 of its levels.
You also visited: Sewer.

You collected 173 gold pieces.

Inventory:

Hand Weapons
 a - a +0 mace of chaos (weapon)
Armour
 b - a +2 leather armour (worn)
 g - a +0 cloak (worn)
 q - the +0 helmet of Gouz (worn) {Regen+}
   (You found it on level 4 of the Dungeon)

   It increases your rate of regeneration.
Jewellery
 i - a +6 ring of strength (left hand)
 o - an amulet of the acrobat (around neck)
 p - a ring of flight (right hand)
Wands
 f - a wand of random effects (15)
Scrolls
 c - a scroll of remove curse
 d - 10 scrolls of identify
 e - a scroll of enchant weapon
 h - 5 scrolls of teleportation
 j - a scroll of magic mapping
 k - a scroll of fog
 m - a scroll of fear
Potions
 l - a potion of brilliance
 n - a potion of might


   Skills:
 - Level 5.0 Fighting
 + Level 0.7(1.0) Short Blades
 + Level 0.9(1.1) Long Blades
 - Level 5.0 Maces & Flails
 + Level 0.4 Polearms
 + Level 0.4(0.9) Slings
 + Level 0.4 Bows
 + Level 0.5 Crossbows
 + Level 1.1(1.2) Throwing
 - Level 1.7 Armour
 - Level 0.8 Dodging
 - Level 0.9 Stealth
 + Level 0.5 Shields
 + Level 1.0 Conjurations
 + Level 0.8 Hexes
 + Level 0.7 Summonings
 + Level 1.0 Necromancy
 + Level 0.6 Translocations
 + Level 0.6 Transmutations
 + Level 0.8 Fire Magic
 + Level 0.5 Ice Magic
 + Level 0.7 Air Magic
 + Level 1.0 Earth Magic
 + Level 0.8 Poison Magic
 + Level 1.1 Invocations
 + Level 0.6 Evocations


You had 6 spell levels left.
You didn't know any spells.
Your spell library was empty.

Dungeon Overview and Level Annotations

Branches:
Dungeon (5/15)              Sewer (visited)
 Temple: D:4-7

Altars:
The Shining One


Innate Abilities, Weirdness & Mutations

You are partially covered in rugged brown scales. (AC +1, +3% HP)
When hurt, damage is shared between your health and your magic reserves.
Scrolls take you a little longer to read.
You do not regenerate when monsters are visible.


Message History

You thump the bullfrog zombie!
The bullfrog zombie is severely damaged.
The bullfrog zombie hits you but does no damage.
You hit the bullfrog zombie.
The bullfrog zombie is almost destroyed.
The bullfrog zombie hits you.
The bullfrog zombie hits you but does no damage.
You barely miss the bullfrog zombie.
The bullfrog zombie is almost destroyed.
The bullfrog zombie hits you but does no damage.
You hit the bullfrog zombie.
The bullfrog zombie suddenly seems more agile.
The bullfrog zombie is almost destroyed.
The bullfrog zombie hits you. The bullfrog zombie barely misses you.
You closely miss the bullfrog zombie.
The bullfrog zombie is almost destroyed.
The bullfrog zombie hits you.
You sock the bullfrog zombie!
You destroy the bullfrog zombie!
Are you sure you want to abandon this character and quit the game? (Confirm with "yes".)

## ....
...#.#############
...+.............#
...#..#.########.#
...#. #.#.######.#
...# #.........@#
..†# #.#....?..<#
#'#####.##########
#..............
......#.######.
.####.#.# #<#
.....†#.####.#
..#.#........#
..#.#.#.######


There were no monsters in sight!

Vanquished Creatures
  An ogre (D:4)
  A scorpion (D:4)
  A bullfrog zombie (D:5)
  2 orc wizards (D:4)
  An orc priest (D:4)
  2 iguanas (D:4)
  Natasha (thrice) (D:3)
  2 worker ants (D:4)
  A hound zombie (D:4)
  9 adders
  A river rat (D:3)
  A shadow imp (D:5)
  2 worms (D:3)
  A dart slug (D:4)
  4 leopard geckos
  8 orcs
  3 ball pythons
  9 bats
  3 giant cockroaches (D:3)
  8 goblins
  2 hobgoblins
  21 jackals
  11 kobolds
  3 quokkas
  8 frilled lizards
  5 rats
113 creatures vanquished.

Vanquished Creatures (collateral kills)
  Duvessa (D:4)
  Dowan (D:4)
  A jackal (D:2)
3 creatures vanquished.

Vanquished Creatures (others)
  A jackal (D:2)
  A goblin (D:2)
  35 plants (Sewer)
37 creatures vanquished.

Grand Total: 153 creatures vanquished

Notes
Turn   | Place    | Note
-------+----------+-------------------------------------------
     0 | D:1      | Amaterasu the Demonspawn Chaos Knight began the quest for
                  | the Orb.
     0 | D:1      | Reached XP level 1. HP: 18/18 MP: 1/1
    96 | D:1      | XOM: silly message
   181 | D:1      | Gained mutation: When hurt, damage is shared between your
                  | health and your magic reserves. [demonic ancestry]
   181 | D:1      | Reached XP level 2. HP: 17/24 MP: 2/2
   393 | D:1      | XOM: scenery: summon butterflies
  1109 | D:2      | XOM: cloud trail
  1263 | D:2      | Reached XP level 3. HP: 25/29 MP: 3/3
  1584 | D:2      | XOM: destruction
  1678 | D:2      | Found a glowing golden altar of the Shining One.
  2037 | D:3      | Noticed Natasha
  2038 | D:3      | XOM: potion effect (berserk rage)
  2039 | D:3      | XOM: noise
  2043 | D:3      | Killed Natasha
  2044 | D:3      | Reached XP level 4. HP: 36/36 MP: 4/4
  2166 | D:3      | Noticed Natasha
  2176 | D:3      | XOM: enchant monster (good)
  2177 | D:3      | Killed Natasha
  2273 | D:3      | Noticed Natasha
  2283 | D:3      | XOM: give mutations
  2283 | D:3      | Gained mutation: Your spells are a little harder to cast,
                  | but a little more powerful. [Xom's mischief]
  2283 | D:3      | Gained mutation: You do not regenerate when monsters are
                  | visible. [Xom's mischief]
  2283 | D:3      | Lost mutation: Your spells are a little harder to cast, but
                  | a little more powerful. [Xom's mischief]
  2283 | D:3      | Gained mutation: Scrolls take you a little longer to read.
                  | [Xom's mischief]
  2286 | D:3      | Killed Natasha
  2287 | D:3      | Reached XP level 5. HP: 13/42 MP: 2/5
  2342 | D:3      | Reached skill level 5 in Maces & Flails
  2374 | D:3      | Found a glowing drain.
  2378 | Sewer    | Entered a sewer
  2392 | Sewer    | XOM: confusion (+ monsters)
  2397 | Sewer    | XOM: blink monster(s)
  2625 | Sewer    | XOM: 6-stop teleportation journey
  3244 | Sewer    | XOM: god gift: 8 stones
  3850 | D:4      | Reached XP level 6. HP: 44/50 MP: 6/6
  3861 | D:4      | Reached skill level 5 in Fighting
  4029 | D:4      | XOM: divination: detect creatures
  4446 | D:4      | Gained mutation: You are partially covered in rugged brown
                  | scales. (AC +1, +3% HP) [demonic ancestry]
  4446 | D:4      | Reached XP level 7. HP: 40/57 MP: 4/7
  4714 | D:4      | Got a jewelled helmet
  4728 | D:4      | Identified the +0 helmet of Gouz {Regen+} (You found it on
                  | level 4 of the Dungeon)
  4828 | D:4      | Noticed Dowan
  4839 | D:4      | Noticed Duvessa
  4839 | D:4      | XOM: confuse monster(s)
  4854 | D:4      | XOM: divination: detect creatures
  4866 | D:4      | XOM: stat loss: -1 Dex (12/13)
  4868 | D:4      | XOM: confusion
  4874 | D:4      | HP: 1/57 [Duvessa/+0 rapier (9)]
  4878 | D:4      | Killed Dowan
  4879 | D:4      | Killed Duvessa
  4880 | D:4      | Reached skill level 1 in Conjurations
  4880 | D:4      | Reached skill level 1 in Necromancy
  4880 | D:4      | Reached skill level 1 in Earth Magic
  4880 | D:4      | Reached skill level 1 in Invocations
  5070 | D:4      | XOM: scenery: summon butterflies
  5234 | D:4      | Reached skill level 1 in Throwing
  5271 | D:5      | Entered Level 5 of the Dungeon
  5360 | D:5      | Quit the game

Illustrated notes

Levels and vault maps discovered:
D:1:      zelgadis_glass_arrival_small, layout_basic
D:2:      layout_basic, nicolae_overflow_hidden_temple, serial_co_window_serial,
          co_window_corner_a, co_window_corner_a, co_window_paths_a,
          co_window_of_opportunity_a, co_window_paths_a, co_window_corner_b,
          co_window_of_opportunity_b, co_window_broadway_c,
          co_window_of_opportunity_c, co_window_corner_cb,
          co_window_of_opportunity_c, glass_columns_c, glass_columns_a,
          glass_columns_b, glass_columns_a
D:3:      layout_basic, gup_sewer_entry_spiral, grunt_ministairs_13,
          feat_on_display, uniq_natasha
D:4:      layout_basic, uniq_duvessa
D:5:      layout_basic, minmay_temple_entry_overgrown,
          nicolae_ossuary_entry_ruins, minmay_liquid_box, skrybe_limestone_x,
          st_stairs_8, minivault_23, uniq_sigmund

Skill      XL: |  1  2  3  4  5  6  7 |
---------------+----------------------+-----
Maces & Flails | 3 4 5 |  5.0
Fighting       | 4 5 |  5.0
Conjurations   | 1 |  1.0
Necromancy     | 1 |  1.0
Earth Magic    | 1 |  1.0
Invocations    | 1 |  1.1
Throwing       | 1 |  1.1
Short Blades   | |  0.7
Long Blades    | |  0.9
Polearms       | |  0.4
Slings         | |  0.4
Bows           | |  0.4
Crossbows      | |  0.5
Armour         | |  1.7
Dodging        | |  0.8
Stealth        | |  0.9
Shields        | |  0.5
Hexes          | |  0.8
Summonings     | |  0.7
Translocations | |  0.6
Transmutations | |  0.6
Fire Magic     | |  0.8
Ice Magic      | |  0.5
Air Magic      | |  0.7
Poison Magic   | |  0.8
Evocations     | |  0.6

Action                   |  1- 3 |  4- 6 |  7- 9 || total
-------------------------+-------+-------+-------++-------
Melee: Mace              |   107 |   273 |    81 ||   461
  Use: Scroll            |     5 |     6 |     1 ||    12
       Potion            |       |     4 |     1 ||     5
 Stab: Paralysed         |       |     2 |       ||     2
       Sleeping          |       |     1 |     1 ||     2
       Petrified         |       |       |     3 ||     3
Armor: Leather armour    |    48 |   125 |    36 ||   209
Dodge: Dodged            |    78 |   180 |    51 ||   309
